 Dungeon Crawl Stone Soup version 0.28-a0-1114-g8eb0198dcf (webtiles) character file.

Game seed: 14832487326954463430

143 ChaosChampion the Insei (level 5, 0/33 HPs)
             Began as an Octopode Transmuter on Dec 11, 2021.
             Slain by an orc (4 damage)
             ... on level 3 of the Dungeon.
             The game lasted 00:06:41 (3290 turns).

ChaosChampion the Insei (Octopode Transmuter)       Turns: 3290, Time: 00:06:41

Health: 0/33       AC:  1    Str:  9    XL:     5   Next: 25%
Magic:  6/8        EV: 13    Int: 18    God:
Gold:   127        SH:  0    Dex: 12    Spells: 2/8 levels left

rFire   . . .      SeeInvis .     - Unarmed
rCold   . . .      Faith    .   (no shield)
rNeg    . . .      Spirit   .   (helmet restricted)
rPois   .          Reflect  .   (no amulet)
rElec   .          Harm     .   (no ring)
rCorr   .          Rampage  .   (no ring)
Will    .....                   (no ring)
Stlth   ++........              (no ring)
HPRegen 0.11/turn               (no ring)
MPRegen 0.11/turn               (no ring)
                                (no ring)
                                (no ring)

@: wereblooded
A: almost no armour, amphibious, 8 rings, camouflage 1, gelatinous body 1,
(nimble swimmer 1), tentacles
a: no special abilities


You were on level 3 of the Dungeon.
You visited 1 branch of the dungeon, and saw 4 of its levels.

You collected 127 gold pieces.

Inventory:

Scrolls
 a - a scroll of vulnerability {unknown}
 c - a scroll of fog {unknown}
Potions
 b - a potion of flight {unknown}
 d - a potion of invisibility {unknown}
 e - a potion of berserk rage {unknown}
 f - a potion of haste {unknown}


   Skills:
 - Level 1.0 Fighting
 - Level 2.0 Dodging
 * Level 5.8 Unarmed Combat
 - Level 2.0 Spellcasting
 - Level 2.0 Transmutations


You had 2 spell levels left.
You knew the following spells:

 Your Spells              Type           Power      Damage    Failure   Level
a - Beastly Appendage     Tmut           18%        N/A       8%          1
b - Wereblood             Tmut           9%         N/A       12%         2
c - Spider Form           Tmut/Pois      5%         N/A       34%         3

Your spell library contained the following spells:

 Spells                   Type           Power      Damage    Failure   Level
 Foxfire                  Conj/Fire      4%         2x1d4     19%         1
 Conjure Flame            Conj/Fire      1%         6-21      47%         3
 Inner Flame              Hex/Fire       1%         N/A       47%         3
 Ozocubu's Armour         Ice            1%         N/A       47%         3
 Ice Form                 Ice/Tmut       5%         N/A       75%         4
 Flame Wave               Conj/Fire      1%         2d4       87%         4
 Ozocubu's Refrigeration  Ice            0%         4d5       100%        7


Dungeon Overview and Level Annotations

Branches:
Dungeon (4/15)
 Temple: D:4-7

Altars:
Vehumet


Innate Abilities, Weirdness & Mutations

You cannot wear most types of armour.
You are amphibious.
You can wear up to eight rings at the same time.
Your skin changes colour to match your surroundings (Stealth+).
Your rubbery body absorbs attacks. (AC +1, EV +1)
((You are camouflaged near water. (Stealth+)))
You have tentacles for arms and can constrict up to eight enemies at once.


Message History

An orc comes into view. It is wielding a +0 club.
You see here 14 gold pieces.
You now have 127 gold pieces (gained 14).
You howl as the wereblood boils in your veins!
You hear a shout! x4
The orc hits you from afar with a +0 trident!
An orc comes into view. It is wielding a +0 dagger.
The orc moves out of view.
You howl as the wereblood boils in your veins!
Your primal bloodlust has ended.
Your tentacle spike disappears.
Casting: Wereblood (safe; 12% risk of failure)
Confirm with . or Enter, or press ? or * to list all spells.
Your blood is infused with primal strength.
The orc barely misses you.
An orc comes into view. It is wielding a +0 dagger.
The orc hits you with a +0 club. The orc hits you with a +0 dagger.
You closely miss the orc.
The orc shouts!
Your grab misses the orc. You squeeze the orc.
The orc is lightly wounded.
The orc barely misses you. The orc hits you with a +0 club. The orc misses you.
You tentacle-slap the orc. Your grab misses the orc.
The orc is severely wounded.
The orc hits you with a +0 trident.
An orc priest comes into view. It is wielding a +0 dagger.
The orc hits you with a +0 club.
* * * LOW HITPOINT WARNING * * *
The orc closely misses you.
You barely miss the orc.
The orc priest shouts!
You grab the orc. Your squeeze misses the orc.
The orc is severely wounded.
You constrict the orc. The orc hits you with a +0 trident!
* * * LOW HITPOINT WARNING * * *
The orc misses you.
You tentacle-slap the orc.
You feel a bit better.
You kill the orc!
The orc barely misses you. The orc hits you with a +0 club.
You die...

##............. #########
#.............. #.......#
#.............. #......#
#..............
#).....####..............
#....)...##..............
#........................
###.####o#...............
#..o.o.o@...#.....##.....
##.#.#.###)..#############
##..#.#..###..#######
#.....##..###.......#
##### #.o######.#
#.#####.# #..>.
#######.o## #.# #..# #.#
#.... #.........# #.####.#
##.###.... #.........#
#...##.###.........
#..(......#
##...#.##..........


You could see an orc priest and 3 orcs.

Vanquished Creatures
  Crazy Yiuf (D:2)
  Terence (D:2)
  2 adders
  3 worms
  2 dart slugs (D:2)
  An orc (D:3)
  3 ball pythons
  10 bats
  6 endoplasms
  4 giant cockroaches
  5 goblins
  4 hobgoblins
  7 kobolds
  3 quokkas
  4 rats
56 creatures vanquished.

Vanquished Creatures (others)
  6 plants (D:1)
6 creatures vanquished.

Grand Total: 62 creatures vanquished

Notes
Turn   | Place    | Note
-------+----------+-------------------------------------------
     0 | D:1      | ChaosChampion the Octopode Transmuter began the quest for
                  | the Orb.
     0 | D:1      | Reached XP level 1. HP: 13/13 MP: 3/3
   347 | D:1      | Reached XP level 2. HP: 18/18 MP: 3/5
   350 | D:1      | Learned a level 2 spell: Wereblood
   751 | D:1      | Reached skill level 4 in Unarmed Combat
   894 | D:1      | Reached XP level 3. HP: 22/23 MP: 2/6
  1883 | D:2      | Noticed Terence
  1906 | D:2      | Reached XP level 4. HP: 27/28 MP: 3/7
  1999 | D:2      | Learned a level 3 spell: Spider Form
  2004 | D:2      | Killed Terence
  2005 | D:2      | Reached skill level 5 in Unarmed Combat
  2166 | D:2      | Found a runed translucent door.
  2167 | D:2      | Noticed Crazy Yiuf
  2229 | D:2      | Killed Crazy Yiuf
  2614 | D:2      | Reached XP level 5. HP: 31/33 MP: 6/8
  2800 | D:3      | Found a radiant altar of Vehumet.
  3290 | D:3      | Slain by an orc

Illustrated notes

Levels and vault maps discovered:
D:1:      saegor_arrival_simple_e, layout_basic, nicolae_grassy_gnolls
D:2:      layout_loops_ring, grunt_ministairs_7, uniq_crazy_yiuf_cottage,
          uniq_terence
D:3:      layout_rooms, nicolae_vehumet_altar_sigil
D:4:      layout_loops_ring, st_stairs_4, chequers_avenue,
          corexii_hall_statues_s, grunt_decor_junction

Skill      XL: |  1  2  3  4 |
---------------+-------------+-----
Unarmed Combat | 4 5 |  5.8
Fighting       | |  1.0
Dodging        | |  2.0
Spellcasting   | |  2.0
Transmutations | |  2.0

Action                   |  1- 3 |  4- 6 || total
-------------------------+-------+-------++-------
Melee: Unarmed           |    70 |    55 ||   125
       Constrict         |    22 |    11 ||    33
       Tentacles         |     9 |     9 ||    18
       Kick              |    15 |     3 ||    18
       Punch             |     2 |       ||     2
 Cast: Beastly Appendage |    21 |    12 ||    33
       Wereblood         |    14 |    13 ||    27
       Spider Form       |       |     2 ||     2
 Stab: Sleeping          |     4 |     2 ||     6
Armor: Skin              |     5 |    11 ||    16
Dodge: Dodged            |    36 |    44 ||    80

Table legend: (Time is in decaauts)
 A = Elapsed time spent in this place.
 B = Non-inter-level travel time spent in this place.
 C = Inter-level travel time spent in this place.
 D = Time resting spent in this place.
 E = Time spent auto-exploring this place.
 F = Levels seen in this place.
 G = Mean time per level.
                   A        B        C        D        E       F      G
               +--------+--------+--------+--------+--------+-----+--------+
         Total |   3284 |   3238 |     46 |    127 |   2402 |   4 |  821.0 |
       Dungeon |   3284 |   3238 |     46 |    127 |   2402 |   4 |  821.0 |
               +--------+--------+--------+--------+--------+-----+--------+

Top non-repeatable levels by time:
     D:2: 1413 daAuts
     D:1: 1323 daAuts
     D:3: 536 daAuts
     D:4: 11 daAuts
